 Dungeon Crawl Stone Soup version 0.22.1-6-g1668fe2 (webtiles) character file.

153 wyoknott the Covered (level 5, -4/46 HPs)
             Began as a Minotaur Fighter on Jan 23, 2019.
             Was an Initiate of Okawaru.
             Slain by Pikel
             ... wielding a +2 whip of flaming
              (6 damage)
             ... on level 4 of the Dungeon.
             The game lasted 00:08:08 (3037 turns).

wyoknott the Covered (Minotaur Fighter)             Turns: 3037, Time: 00:08:08

Health: -4/46      AC:  7    Str: 21    XL:     5   Next: 12%
Magic:  4/4        EV:  8    Int:  5    God:    Okawaru [......]
Gold:   147        SH:  9    Dex: 10    Spells: 4/4 levels left

rFire    . . .     SeeInvis .   a - +0 long sword
rCold    . . .     Gourm    .   c - +0 shield
rNeg     . . .     Faith    .   b - +0 scale mail
rPois    .         Spirit   .   (helmet restricted)
rElec    .         Reflect  .   (no cloak)
rCorr    .         Harm     .   (no gloves)
MR       .....                  (no boots)
Stlth    ..........             (no amulet)
HPRegen  0.15/turn              (no ring)
MPRegen  0.09/turn              (no ring)

@: no status effects
A: retaliatory headbutt, horns 2
a: Renounce Religion


You were on level 4 of the Dungeon.
You worshipped Okawaru.
Okawaru was noncommittal.
You were not hungry.

You visited 1 branch of the dungeon, and saw 4 of its levels.

You collected 147 gold pieces.

Inventory:

Hand Weapons
 a - a +0 long sword (weapon)
Missiles
 q - a tomahawk of dispersal (quivered)
Armour
 b - a +0 scale mail (worn)
 c - a +0 shield (worn)
 i - a +0 plate armour
Jewellery
 g - a -2 ring of slaying
Wands
 m - a wand of polymorph (15)
Scrolls
 n - a scroll of amnesia {unknown}
 p - a scroll of teleportation
Potions
 d - a potion of might
 e - a potion of lignification {unknown}
 h - a potion of mutation
 j - a potion of degeneration {unknown}
 k - a potion of haste {unknown}
 l - a potion of brilliance {unknown}
 o - a potion of agility
Comestibles
 f - 6 rations


   Skills:
 + Level 4.1 Fighting
 + Level 3.9 Long Blades
 + Level 4.8 Armour
 + Level 1.0 Dodging
 + Level 0.2 Stealth
 + Level 4.7 Shields
 + Level 0.4 Unarmed Combat


You had 4 spell levels left.
You didn't know any spells.
Your spell library was empty.

Dungeon Overview and Level Annotations

Branches:
Dungeon (4/15)
 Temple: D:4-7

Altars:
Okawaru
Uskayaw
Xom
The Shining One

Annotations:
D:4 Pikel


Innate Abilities, Weirdness & Mutations

You reflexively headbutt those who attack you in melee.
You have a pair of horns on your head.


Message History

Pikel hits you with a whip of flaming! Pikel burns you. The slave hits you.
* * * LOW HITPOINT WARNING * * *
You block Pikel's attack.
Unknown command.
You hit Pikel but do no damage. You headbutt Pikel, but do no damage.
Pikel is heavily wounded.
The slave hits you.
* * * LOW HITPOINT WARNING * * *
Pikel hits you with a whip of flaming.
* * * LOW HITPOINT WARNING * * *
Pikel burns you.
* * * LOW HITPOINT WARNING * * *
You hit Pikel but do no damage. You headbutt Pikel!
Pikel is severely wounded.
The slave hits you but does no damage. You block Pikel's attack.
You block the slave's attack.
You closely miss Pikel.
Pikel is severely wounded.
Pikel hits you with a whip of flaming.
You die...

#.................
#.................
#<....†..........?
###.[##...........
##.##...........
##..[...........
#...p###.#......
#..pK##.........
######..#@...........
...........#####..##.
####....##.# #.#
#..#..#.# .#
#....##......# #
..(.# #.###.# ....
#..# ... ##.# .. ..


You could see Pikel and 2 slaves.

Vanquished Creatures
  2 slaves (D:4)
  A centaur skeleton (D:4)
  3 gnolls (D:3)
  2 adders (D:3)
  A worm (D:4)
  2 leopard geckos
  An orc (D:3)
  3 giant cockroaches
  9 hobgoblins
  7 jackals
  10 kobolds
  A quokka (D:3)
  6 bats
  6 frilled lizards
  12 goblins
  A jackal skeleton (D:4)
  6 rats
73 creatures vanquished.

Notes
Turn   | Place    | Note
-------+----------+-------------------------------------------
     0 | D:1      | wyoknott the Minotaur Fighter began the quest for the Orb.
     0 | D:1      | Reached XP level 1. HP: 19/19 MP: 0/0
   139 | D:1      | Reached XP level 2. HP: 24/26 MP: 1/1
   922 | D:2      | Reached XP level 3. HP: 28/33 MP: 2/2
  1630 | D:3      | Found a stormy altar of Qazlal.
  1633 | D:3      | Found a burning altar of Makhleb.
  1633 | D:3      | Found a hide-covered altar of Uskayaw.
  1635 | D:3      | Found a shimmering altar of Xom.
  1635 | D:3      | Found a deep blue altar of Sif Muna.
  1635 | D:3      | Found a snail-covered altar of Cheibriados.
  1803 | D:3      | Found a glowing golden altar of the Shining One.
  1908 | D:3      | Found an iron altar of Okawaru.
  1928 | D:3      | Became a worshipper of Warmaster Okawaru
  2173 | D:3      | Reached XP level 4. HP: 40/40 MP: 3/3
  2232 | D:3      | Found a hide-covered altar of Uskayaw.
  2717 | D:4      | Noticed a slave
  2718 | D:4      | Noticed a slave
  2732 | D:4      | Killed a slave
  2733 | D:4      | Reached XP level 5. HP: 10/46 MP: 4/4
  2745 | D:4      | Killed a slave
  2747 | D:4      | Reached skill level 1 in Dodging
  3024 | D:4      | Noticed Pikel
  3024 | D:4      | Noticed a slave
  3028 | D:4      | Noticed a slave
  3035 | D:4      | HP: 2/46 [Pikel/whip of flaming (1)]
  3037 | D:4      | Slain by Pikel

Skill      XL: |  1  2  3  4  5 |
---------------+----------------+-----
Armour         | 4 |  4.8
Shields        | 4 |  4.7
Long Blades    | 3 |  3.9
Fighting       | 4 |  4.1
Dodging        | 1 |  1.0
Stealth        | |  0.2
Unarmed Combat | |  0.4

Action                   |  1- 3 |  4- 6 || total
-------------------------+-------+-------++-------
Melee: Long sword        |   120 |    70 ||   190
       Headbutt          |    11 |    13 ||    24
       Unarmed           |    14 |       ||    14
  Use: Scroll            |     2 |     2 ||     4
       Potion            |       |     1 ||     1
  Eat: Ration            |     2 |       ||     2
Armor: Scale mail        |    59 |    44 ||   103
Dodge: Dodged            |    49 |    38 ||    87
Block: Shield            |    77 |    48 ||   125
       Rpst.: Long sword |     6 |    14 ||    20
